 Dungeon Sprint DCSS version 0.30.1-11-g7821555f0a (webtiles) character file.

Game seed: 18391167087156541874

22089 Heoruswealwe the Phalangite (level 12, -3/132 HPs)
             Began as a Minotaur Fighter on Jan 9, 2024.
             Was an Initiate of Gozag.
             Slain by a spriggan berserker
             ... wielding a +0 rapier
              (10 damage)
             ... in the Dungeon (Sprint IX: "|||||||||||||||||||||||||||||").
             The game lasted 00:23:17 (2518 turns).

Heoruswealwe the Phalangite (Minotaur Fighter)      Turns: 2518, Time: 00:23:18

Health: -3/132     AC: 24    Str: 35    XL:     12   Next: 59%
Magic:  11/11      EV:  9    Int:  5    God:    Gozag
Gold:   1306       SH:  0    Dex: 10    Spells: 11/11 levels left

rFire   + . .        b - +2 halberd (venom)
rCold   . . .        (shield currently unavailable)
rNeg    . . .        c - +1 plate armour {rF+}
rPois   .            g - +1 hat {Stlth+}
rElec   .            (no cloak)
rCorr   .            f - +0 pair of gloves
SInv    .            e - +0 pair of boots
Will    .....        i - amulet of regeneration Stlth
                     k - +3 ring of strength
HPRegen 1.22/turn    j - +6 ring of strength
MPRegen 0.12/turn

%: no teleportation
@: gold aura
A: horns 2, retaliatory headbutt
a: Renounce Religion, Potion Petition, Call Merchant, Bribe Branch


You were in the Dungeon.
You worshipped Gozag.
Gozag was most pleased with you.
You visited 1 branch You collected 8512 gold pieces.
You spent 5170 gold pieces at shops.
You paid 2036 gold pieces to Gozag.

Inventory:

Hand Weapons
 a - a +0 trident
 b - a +2 halberd of venom (weapon)
Armour
 c - a +1 plate armour of fire resistance (worn)
 d - a +0 buckler
 e - a +0 pair of boots (worn)
 f - a +0 pair of gloves (worn)
 g - a +1 hat of stealth (worn)
Jewellery
 i - an amulet of regeneration (around neck)
 j - a +6 ring of strength (right hand)
 k - a +3 ring of strength (left hand)
Wands
 h - a wand of roots (15)
 q - a wand of flame (29)
Scrolls
 n - 7 scrolls of identify
 o - 3 scrolls of enchant weapon
 t - 4 scrolls of blinking
 x - a scroll of silence
 y - 6 scrolls of enchant armour
Potions
 l - 12 potions of curing
 m - a potion of might
 p - 2 potions of mutation
 s - a potion of berserk rage
 u - 2 potions of haste
 w - 6 potions of heal wounds
Miscellaneous
 r - a box of beasts
 v - a phantom mirror


   Skills:
 + Level 19.9 Fighting
 * Level 26.6 Polearms
 + Level 19.9 Armour
 - Level 3.6 Shields


You had 11 spell levels left.
You didn't know any spells.
Your spell library was empty.

Dungeon Overview and Level Annotations

Branches:
Dungeon (1/1)

Altars:
Cheibriados
Dithmenos
Elyvilon
Fedhas
Gozag
Hepliaklqana
Kikubaaqudgha
Makhleb
Nemelex Xobeh
Okawaru
Qazlal
Ru
Sif Muna
Trog
Uskayaw
Vehumet
Wu Jian
Xom
Yredelemnul
Zin
The Shining One
Jiyva
Lugonu

Shops:
D =(*?**(


Innate Abilities, Weirdness & Mutations

You have a pair of horns on your head.
You reflexively headbutt those who attack you in melee.


Message History

The wall shatters!
The blast of rock fragments hits you but does no damage.
You puncture the spriggan berserker!
The spriggan berserker looks as sick as possible!
You headbutt the spriggan berserker!
The spriggan berserker is moderately wounded.
The spriggan berserker hits you but does no damage.
You miss the spriggan berserker. You headbutt the spriggan berserker.
The spriggan berserker is moderately wounded.
The deep troll earth mage is distracted by your dazzling golden aura.
The necromancer mumbles some strange words.
The necromancer binds the souls of nearby monsters.
The spriggan berserker barely misses you.
The deep troll earth mage shouts!
You hit the spriggan berserker.
The spriggan berserker looks as sick as possible!
You headbutt the spriggan berserker!
The spriggan berserker is heavily wounded.
The spriggan berserker is distracted by your dazzling golden aura.
The deep troll earth mage gestures next to you while chanting.
The wall shatters!
The blast of rock fragments hits you!
* * * LOW HITPOINT WARNING * * *
The necromancer gestures wildly while chanting.
The necromancer binds the souls of nearby monsters.
The spriggan berserker shouts!
You slash the spriggan berserker!
The spriggan berserker looks as sick as possible!
The spriggan berserker is no longer distracted by gold.
You headbutt the spriggan berserker!
The spriggan berserker is almost dead.
The spriggan berserker hits you with a +0 rapier!!
* * * LOW HITPOINT WARNING * * *
The necromancer casts a spell.
The necromancer binds the souls of nearby monsters.
You completely miss the spriggan berserker.
Your headbutt misses the spriggan berserker.
The spriggan berserker is almost dead.
The spriggan berserker hits you with a +0 rapier!
You die...
Your body crumbles into a pile of gold.

,*,*,*,*,*,*~*,▓.▓.▓.▓.▓.▓.▓_▓
,*,*,*,*,*,*~*,▓.▓.▓.▓.▓.▓.▓_▓
,*,*,*,*,*,*~*,▓.▓.▓.▓.▓.▓.▓_▓
,*,*,*,*,*,*,*,▓.▓.▓'▓.▓.▓.▓_▓
,*,*,*,*,*,*,*,▓.▓.▓)▓.▓'▓.▓'▓
,*,*,*,*,*,*,*,▓$▓.▓?▓.▓.▓.▓!▓
,*,*,*,*,*,*,*,▓$▓.▓.▓.▓.▓.▓?▓
,*,*,*,*,*,*,*,▓.▓.▓.▓.▓.▓.▓)▓
,*,*,*,*,*,*+*,▓@▓.▓.▓)▓.▓.▓[▓
,*,*,*,*,*,*,*,▓i▓.▓∩▓.▓.▓.▓=▓
,*,*,*,*,*,*,*,▓p▓.▓.▓.▓.▓.▓[▓
,*,*,*,*,*,*,*,▓T▓.▓∩▓.▓.▓.▓.▓
+*,*,*,*,*,*,*,▓.▓.▓.▓.▓.▓.▓.▓
,*,*,*,*,*,*,*,▓T▓.▓∩▓.▓!▓.▓.▓
,*,*,*,*,*,*,*,▓.▓.▓.▓.▓?▓.▓'▓
,*,*,*,*,*,*,*,▓.▓.▓∩▓.▓(▓.▓)▓
,*,*,*,*,*,*,*,*,▓.▓.▓.▓)▓.▓)▓


You could see a spriggan berserker (berserk, soul bound, regenerating,
strong-willed, extremely poisoned), 2 deep troll earth magi and a necromancer.

Vanquished Creatures
  Gastronok (D)
  Harold (D)
  2 centaur warriors (D)
  A two-headed ogre (D)
  A tengu warrior (D)
  8 orc high priests (D)
  A skyshark (D)
  2 lindwurms (D)
  A deep elf pyromancer (D)
  A cyclops (D)
  8 orc knights (D)
  An ugly thing (D)
  A wolf spider (D)
  An elephant (D)
  A manticore (D)
  4 cane toads (D)
  A rime drake (D)
  3 komodo dragons (D)
  A meliai (D)
  A tyrant leech (D)
  A blink frog (D)
  2 yaks (D)
  A vampire (D)
  3 wyverns (D)
  A basilisk (D)
  Eustachio (D)
  Grum (D)
  A vampire mosquito (D)
  2 water moccasins (D)
  11 orc warriors (D)
  3 centaurs (D)
  3 wolves (D)
  2 bullfrogs (D)
  A killer bee (D)
  2 hounds (D)
  A gnoll bouda (D)
  5 orc priests (D)
  A sleepcap (D)
  An iguana (D)
  3 orc wizards (D)
  5 worms (D)
  4 orcs (D)
  2 goblins (D)
  2 bats (D)
  A frilled lizard (D)
101 creatures vanquished.

Notes
Turn   | Place    | Note
-------+----------+-------------------------------------------
     0 | D        | Heoruswealwe the Minotaur Fighter began the quest for the
                  | Orb.
     0 | D        | Reached XP level 1. HP: 19/19 MP: 0/0
    14 | D        | Reached skill level 3 in Polearms
    32 | D        | Noticed a hound
    32 | D        | Noticed a centaur
    32 | D        | Noticed a hound
    32 | D        | Noticed a sleepcap
    32 | D        | Noticed an iguana
    34 | D        | Killed a hound
    35 | D        | Reached skill level 5 in Fighting
    35 | D        | Reached skill level 5 in Polearms
    35 | D        | Reached skill level 5 in Armour
    35 | D        | Reached XP level 2. HP: 29/29 MP: 1/1
    35 | D        | Reached XP level 3. HP: 36/36 MP: 2/2
    39 | D        | Killed a centaur
    40 | D        | Reached skill level 8 in Polearms
    40 | D        | Reached XP level 4. HP: 26/45 MP: 3/3
    45 | D        | Reached skill level 9 in Polearms
    45 | D        | Reached XP level 5. HP: 32/52 MP: 4/4
    54 | D        | Reached skill level 10 in Polearms
    60 | D        | Found a snail-covered altar of Cheibriados.
    60 | D        | Found a shadowy altar of Dithmenos.
    60 | D        | Found a white marble altar of Elyvilon.
    60 | D        | Found a blossoming altar of Fedhas.
    60 | D        | Found an opulent altar of Gozag.
    61 | D        | Found a hazy altar of Hepliaklqana.
    62 | D        | Found a viscous altar of Jiyva.
    63 | D        | Found an ancient bone altar of Kikubaaqudgha.
    64 | D        | Found a corrupted altar of Lugonu.
    65 | D        | Found a burning altar of Makhleb.
    66 | D        | Found a sparkling altar of Nemelex Xobeh.
    67 | D        | Found an iron altar of Okawaru.
    68 | D        | Found a stormy altar of Qazlal.
    70 | D        | Became a worshipper of Gozag Ym Sagoz the Greedy
    72 | D        | Found a sacrificial altar of Ru.
    73 | D        | Found a shimmering blue altar of Sif Muna.
    74 | D        | Found a bloodstained altar of Trog.
    75 | D        | Found a hide-covered altar of Uskayaw.
    76 | D        | Found a radiant altar of Vehumet.
    77 | D        | Found an ornate altar of the Wu Jian Council.
    78 | D        | Found a shimmering altar of Xom.
    79 | D        | Found a basalt altar of Yredelemnul.
    80 | D        | Found a glowing silver altar of Zin.
    81 | D        | Found a glowing golden altar of the Shining One.
   203 | D        | Noticed a centaur
   203 | D        | Noticed a wyvern
   203 | D        | Noticed a centaur
   203 | D        | Noticed a yak
   206 | D        | Killed a centaur
   207 | D        | Reached XP level 6. HP: 62/62 MP: 5/5
   208 | D        | Killed a wyvern
   209 | D        | Reached skill level 12 in Polearms
   218 | D        | Reached XP level 7. HP: 57/71 MP: 6/6
   223 | D        | Killed a yak
   224 | D        | Reached skill level 10 in Fighting
   224 | D        | Reached skill level 13 in Polearms
   224 | D        | Reached skill level 10 in Armour
   263 | D        | Noticed a basilisk
   263 | D        | Noticed a two-headed ogre
   263 | D        | Noticed a centaur warrior
   263 | D        | Noticed a vampire
   263 | D        | Noticed a vampire mosquito
   263 | D        | Noticed a centaur warrior
   268 | D        | Killed a basilisk
   269 | D        | Reached skill level 14 in Polearms
   278 | D        | HP: 2/73 [two-headed ogre/+0 giant club (26)]
   280 | D        | Killed a two-headed ogre
   281 | D        | Reached skill level 15 in Polearms
   281 | D        | Reached XP level 8. HP: 5/83 MP: 7/7
   285 | D        | Killed a centaur warrior
   286 | D        | Reached skill level 17 in Polearms
   286 | D        | Reached XP level 9. HP: 27/92 MP: 8/8
   303 | D        | Killed a centaur warrior
   304 | D        | Reached skill level 18 in Polearms
   631 | D        | Noticed a cane toad
   631 | D        | Noticed a komodo dragon
   634 | D        | Killed a cane toad
   638 | D        | Noticed a skyshark
   639 | D        | Noticed a cane toad
   641 | D        | Killed a komodo dragon
   642 | D        | Reached skill level 19 in Polearms
   650 | D        | Reached XP level 10. HP: 52/104 MP: 9/9
   655 | D        | Killed a skyshark
   659 | D        | Killed a cane toad
   660 | D        | Reached skill level 20 in Polearms
   662 | D        | Reached skill level 15 in Armour
   867 | D        | Noticed a cane toad
   867 | D        | Noticed a cane toad
   870 | D        | Reached skill level 15 in Fighting
   873 | D        | Killed a cane toad
   878 | D        | Noticed an elephant
   883 | D        | Killed a cane toad
   893 | D        | Reached skill level 21 in Polearms
   900 | D        | Killed an elephant
  1099 | D        | Noticed a lindwurm
  1113 | D        | Killed a lindwurm
  1128 | D        | Noticed a lindwurm
  1137 | D        | Killed a lindwurm
  1138 | D        | Reached skill level 22 in Polearms
  1138 | D        | Reached XP level 11. HP: 96/115 MP: 10/10
  1193 | D        | Noticed Eustachio
  1207 | D        | Killed Eustachio
  1253 | D        | Noticed Grum
  1262 | D        | Killed Grum
  1350 | D        | Noticed Harold
  1364 | D        | Killed Harold
  1741 | D        | Noticed an orc knight
  1741 | D        | Noticed an orc knight
  1754 | D        | Killed an orc knight
  1755 | D        | Reached skill level 23 in Polearms
  1756 | D        | Killed an orc knight
  2005 | D        | Found Xaefib's Jewellery Emporium.
  2005 | D        | Noticed an orc high priest
  2005 | D        | Noticed an orc high priest
  2005 | D        | Noticed an orc high priest
  2005 | D        | Noticed an orc knight
  2005 | D        | Noticed an orc knight
  2006 | D        | Noticed an orc high priest
  2007 | D        | Noticed an orc knight
  2009 | D        | Killed an orc high priest
  2010 | D        | Found Joosud's Antique Weapon Shoppe.
  2010 | D        | Noticed an orc high priest
  2012 | D        | Noticed a sun demon
  2016 | D        | Killed an orc high priest
  2020 | D        | Killed an orc high priest
  2021 | D        | Reached skill level 24 in Polearms
  2021 | D        | Found Nudipavva's Assorted Antiques.
  2032 | D        | Killed an orc knight
  2037 | D        | Killed an orc knight
  2038 | D        | Found Razaul's Magic Scroll Shoppe.
  2039 | D        | Noticed an orc knight
  2040 | D        | Killed an orc high priest
  2043 | D        | Noticed an orc knight
  2045 | D        | Killed an orc knight
  2046 | D        | Noticed an orc high priest
  2050 | D        | Killed an orc high priest
  2051 | D        | Reached XP level 12. HP: 36/128 MP: 11/11
  2053 | D        | Noticed an orc high priest
  2053 | D        | Noticed an orc high priest
  2059 | D        | Reached skill level 25 in Polearms
  2068 | D        | Killed an orc high priest
  2075 | D        | Killed an orc high priest
  2079 | D        | Killed an orc high priest
  2248 | D        | Bought a scroll labelled DEPOYRH XE TOOPSA for 21 gold
                  | pieces
  2248 | D        | Bought a black potion for 18 gold pieces
  2248 | D        | Bought a scroll of blinking for 157 gold pieces
  2248 | D        | Bought a box of beasts for 840 gold pieces
  2250 | D        | Bought a scroll of identify for 24 gold pieces
  2250 | D        | Bought a scroll of identify for 24 gold pieces
  2250 | D        | Bought a scroll of enchant weapon for 90 gold pieces
  2250 | D        | Bought a scroll of blinking for 90 gold pieces
  2250 | D        | Bought a scroll of torment for 114 gold pieces
  2250 | D        | Bought a scroll of magic mapping for 90 gold pieces
  2250 | D        | Bought a scroll of identify for 24 gold pieces
  2268 | D        | Bought an amulet of regeneration for 420 gold pieces
  2268 | D        | Bought a +6 ring of strength for 504 gold pieces
  2283 | D        | Bought a potion of haste for 350 gold pieces
  2283 | D        | Bought a wand of flame (8) for 196 gold pieces
  2283 | D        | Bought a phantom mirror for 1400 gold pieces
  2283 | D        | Bought a scroll of identify for 70 gold pieces
  2283 | D        | Bought 2 potions of curing for 210 gold pieces
  2286 | D        | Bought a potion of heal wounds for 80 gold pieces
  2286 | D        | Bought a potion of heal wounds for 80 gold pieces
  2286 | D        | Bought a potion of mutation for 128 gold pieces
  2286 | D        | Bought a potion of curing for 48 gold pieces
  2286 | D        | Bought a wand of roots (5) for 192 gold pieces
  2353 | D        | Noticed Gastronok
  2369 | D        | Killed Gastronok
  2479 | D        | Noticed a tengu warrior
  2486 | D        | Reached skill level 26 in Polearms
  2490 | D        | Killed a tengu warrior
  2499 | D        | Noticed a deep troll earth mage
  2504 | D        | Noticed a deep troll earth mage
  2517 | D        | HP: 6/132 [spriggan berserker/+0 rapier (25)]
  2518 | D        | Slain by a spriggan berserker

Illustrated notes

Levels and vault maps discovered:
D:        linesprint [early_d, line_temple, items_1, d_10, items_2, lair_1,
          lair_end, items_3, orc_1, orc_end, items_4, d_15, swamp_1, shoals_1,
          snake_1, spider_1, d_20, vaults_1, items_5, swamp_end, shoals_end,
          snake_end, spider_end, vaults_end, d_27, items_6, zot_1, zot_end,
          crypt_end, forest_end, elf_end, slime_end, tomb_end, abyss_end,
          pan_hell_end]

Skill      XL: |  1  2  3  4  5  6  7  8  9 10 11 12 |
---------------+-------------------------------------+-----
Polearms       | 5 8 9 10 12 15 17 19 22 24 26 | 26.6
Fighting       | 5 6 7 8 9 11 12 14 16 18 19 | 19.9
Armour         | 5 6 7 8 9 11 12 14 16 18 19 | 19.9
Shields        | |  3.6

Action                     |  1- 3 |  4- 6 |  7- 9 | 10-12 || total
---------------------------+-------+-------+-------+-------++-------
  Melee: Trident           |    25 |    13 |       |       ||    38
         Headbutt          |     3 |     5 |     4 |    52 ||    64
         Halberd           |       |    12 |    55 |   256 ||   323
 Invoke: Call Merchant     |       |       |       |     3 ||     3
    Use: Potion            |       |       |     4 |     5 ||     9
         Scroll            |       |       |       |     3 ||     3
 Armour: Scale mail        |    16 |     5 |       |       ||    21
         Plate armour      |       |     4 |    22 |    86 ||   112
  Dodge: Dodged            |     8 |     7 |    14 |    49 ||    78
  Block: Buckler           |     5 |     3 |       |       ||     8
